Map: Cradle of Death

Players

TheTeg

  • Race: Protoss Protoss
  • Spawn Location: 0:00

NamroodTuo

  • Race: Terran Terran
  • Spawn Location: 0:00

VOD

Have the link to the VOD?

Description

Time

  • Played on: Feb. 1, 2023, 11:32 a.m.
  • Length: 21:25
Show
View Real Time Build Order
Export as new Build Order

TheTeg Protoss 

Build Orders:  

Get SALT Encoding   

  12  0:02  Probe (Chrono Boost)  
  13  0:11  Unknown  
  13  0:19  Pylon  
  13  0:24  Probe (Chrono Boost)  
  14  0:38  Probe (Chrono Boost)  
  15  0:51  Assimilator  
  15  0:52  Probe (Chrono Boost)  
  16  1:02  Pylon  
  16  1:06  Probe (Chrono Boost)  
  17  1:15  Assimilator  
  17  1:20  Probe (Chrono Boost)  
  18  1:33  Probe (Chrono Boost)  
  19  1:47  Probe (Chrono Boost)  
  19  1:49  Stargate  
  20  2:01  Probe (Chrono Boost)  
  20  2:08  Fleet Beacon  
  21  2:12  Pylon  
  21  2:16  Probe (Chrono Boost)  
  22  2:31  Probe (Chrono Boost)  
  23  2:45  Probe (Chrono Boost)  
  23  2:47  Carrier  
  24  3:00  Probe (Chrono Boost)  
  31  3:17  Probe (Chrono Boost)  
  32  3:26  Stargate  
  32  3:36  Clolarion's A.I. Personality  
  32  3:39  Probe (Chrono Boost)  
  33  3:49  Pylon  
  33  4:17  Probe (Chrono Boost)  
  34  4:36  Probe (Chrono Boost)  
  34  4:39  Carrier  
  41  4:49  Pylon  
  41  4:55  Pylon  
  41  4:57  Carrier  
  41  5:00  Cybernetics Core  
  41  5:02  Cybernetics Core  
  47  5:29  Stargate  
  48  5:30  Probe (Chrono Boost)  
  48  5:31  Graviton Catapult  
  48  5:55  Twilight Council  
  48  5:57  Robotics Bay  
  48  6:13  Gateway  
  48  6:14  Protoss Air Weapons Level 1  
  48  6:15  Unknown  
  48  6:16  Protoss Air Armor Level 1  
  48  6:22  Forge  
  48  6:24  Forge  
  48  6:51  Carrier  
  54  7:16  Nexus  
  54  7:30  Carrier  
  60  7:52  Pylon  
  60  7:58  Pylon  
  60  8:51  Carrier  
  60  8:56  Warp Gate  
  66  9:04  Probe (Chrono Boost)  
  66  9:09  Probe (Chrono Boost)  
  68  9:16  Pylon  
  68  9:18  Probe (Chrono Boost)  
  69  9:20  Pylon  
  69  9:26  Probe (Chrono Boost)  
  70  9:32  Probe (Chrono Boost)  
  71  9:43  Probe (Chrono Boost)  
  71  9:49  Carrier  
  78  9:53  Protoss Shields Level 1  
  78  9:57  Probe (Chrono Boost)  
  78  9:58  Probe (Chrono Boost)  
  80  10:12  Probe (Chrono Boost)  
  81  10:26  Protoss Air Weapons Level 2  
  81  10:28  Probe x2 (Chrono Boost)  
  83  10:35  Assimilator x2  
  83  10:41  Unknown  
  83  11:16  Protoss Air Armor Level 2  
  83  11:42  Carrier  
  89  12:51  Combat Sensor Array  
  89  12:54  Protoss Shields Level 2  
  89  13:39  Carrier x2  
  101  13:42  Probe x2 (Chrono Boost)  
  103  13:56  Probe x2 (Chrono Boost)  
  105  14:05  Unknown  
  105  14:10  Probe (Chrono Boost)  
  105  14:12  Pylon  
  105  14:14  Pylon, Scout  
  105  14:16  Pylon  
  105  14:18  Pylon  
  109  14:20  Pylon  
  109  14:27  Protoss Air Weapons Level 3  
  109  14:36  Protoss Air Armor Level 3  
  109  14:38  Scout  
  109  14:41  Mojo's A.I. Personality  
  112  15:09  Probe (Chrono Boost)  
  114  15:12  Probe (Chrono Boost)  
  114  15:24  Pylon  
  114  15:27  Pylon  
  114  15:29  Pylon  
  114  15:31  Pylon x2  
  114  15:37  Pylon  
  114  15:38  Pylon  
  114  15:39  Pylon  
  114  15:43  Pylon  
  114  16:00  Scout  
  114  16:05  Scout  
  114  16:06  Scout  
  123  16:24  Scout  
  123  16:35  Scout  
  123  16:36  Scout  
  132  16:51  Protoss Shields Level 3  
  132  17:05  Carrier  
  132  17:07  Carrier  
  132  17:27  Carrier  
  150  17:55  Unknown  
  150  18:43  Carrier  
  150  18:45  Carrier  
  150  19:04  Unknown  
Show
View Real Time Build Order
Export as new Build Order

NamroodTuo Terran 

Build Orders:  

Get SALT Encoding   

  12  0:03  SCV  
  13  0:13  Unknown  
  13  0:16  SCV  
  14  0:30  SCV  
  14  0:35  Supply Depot  
  15  0:53  SCV  
  16  1:06  SCV  
  17  1:20  SCV, Factory  
  18  1:33  SCV  
  19  1:47  SCV  
  20  1:53  Devastation Turret  
  20  2:00  SCV  
  21  2:17  Perdition Turret  
  21  2:19  SCV, Perdition Turret  
  21  2:28  Supply Depot  
  22  2:33  SCV  
  23  2:51  SCV  
  23  2:59  Devastation Turret  
  24  3:05  SCV  
  25  3:14  Devastation Turret  
  25  3:18  SCV  
  26  3:26  Refinery  
  26  3:32  SCV  
  26  3:34  Devastation Turret  
  27  3:45  SCV  
  28  4:07  Devastation Turret  
  28  4:36  Devastation Turret  
  28  4:38  Perdition Turret  
  28  4:49  SCV  
  28  4:51  Refinery  
  28  4:58  Perdition Turret  
  28  4:59  Devastation Turret  
  29  5:03  SCV  
  30  5:17  SCV  
  31  6:09  Supply Depot  
  31  6:11  Supply Depot  
  31  6:17  Unknown  
  31  6:28  SCV  
  32  6:33  Supply Depot  
  32  6:40  Armory  
  32  6:42  SCV  
  32  6:43  Engineering Bay  
  33  6:55  SCV  
  34  7:02  Command Center  
  34  7:07  Perdition Turret  
  34  7:09  SCV  
  35  7:22  SCV  
  35  7:25  Upgrade Laser Drill Level 1  
  36  7:36  SCV  
  36  7:39  Regenerative Bio-Steel  
  37  7:53  Factory  
  37  8:27  Refinery  
  37  8:30  Devastation Turret  
  37  8:41  SCV  
  37  8:47  Refinery  
  38  8:58  Devastation Turret  
  38  9:07  Factory Tech Lab, Spinning Dizzy  
  38  9:10  Factory Tech Lab  
  38  9:17  Spinning Dizzy  
  37  9:21  Devastation Turret  
  37  9:23  Devastation Turret  
  37  9:32  Perdition Turret  
  37  9:39  SCV  
  38  9:53  SCV  
  39  10:06  SCV  
  40  10:15  Advanced Optics  
  40  10:20  SCV  
  41  10:33  SCV  
  42  10:47  SCV  
  43  11:01  SCV  
  43  11:03  Thor x2  
  43  11:07  330mm Barrage Cannon  
  56  11:14  SCV  
  56  11:18  Perdition Turret  
  56  11:19  Perdition Turret  
  57  11:26  Structure Armor  
  57  11:32  SCV  
  58  11:46  SCV  
  59  11:59  SCV  
  59  12:03  Supply Depot  
  60  12:13  SCV  
  60  12:15  Terran Vehicle and Ship Weapons Level 1  
  61  12:26  SCV  
  62  12:34  Supply Depot  
  62  12:40  SCV  
  63  12:52  Thor x2  
  63  12:57  Supply Depot  
  75  13:00  Hi-Sec Auto Tracking  
  75  13:17  Supply Depot  
  75  13:37  Supply Depot  
  75  13:40  Thor x2  
  87  13:59  Supply Depot  
  87  14:03  Unknown  
  87  14:28  Thor  
  87  14:29  Thor  
  99  14:55  Terran Vehicle And Ship Armor Level 1  
  99  15:16  Thor x2  
  75  16:04  Thor x2  
  87  16:22  Upgrade Laser Drill Level 2  
  87  16:52  Thor x2  
  93  17:13  Starport  
  93  17:25  Starport  
  93  17:37  SCV  
  94  17:40  Thor  
  94  17:45  Supply Depot  
  94  17:48  Supply Depot  
  100  17:50  SCV  
  100  17:53  Unknown  
  100  17:58  Thor  
  107  18:04  SCV  
  107  18:06  Starport  
  107  18:09  Supply Depot  
  108  18:16  Supply Depot  
  108  18:18  SCV  
  109  18:28  Thor  
  115  18:35  Supply Depot  
  113  19:08  Starport Tech Lab  
  113  19:11  Starport Tech Lab  
  113  19:19  Starport Reactor  
Tags
 
Commander
FenixSwann
Matchup
Co-op
Replay Pack
Multiplayer
Add a new tag
Caveats
  • Supply blocks, unpowered buildings, or Contaminate may cause inaccurate times.
  • Supply counts are checked every 10 seconds.